AoeStats
← TheHoaN

Black Forest

508189949Analyzed
4v4 RM · 11d ago on Sep 21, 2026· 76m 39s· 8 players
Game mode
Random Map
Map size
Large (8 player)
Population
200
Speed
Normal
Resources
Standard
Victory
Conquest
Starting age
Dark Age
Ending age
Imperial Age
RankedLock teamsTeams togetherTeam positionsShared explorationLock speedFull tech treeHidden civsTurbo modeCheats
Victory
Defeat
🇮🇹 Khmer · Italy
1269
+12
🇦🇷 Persians · Argentina
1235
+13
🇯🇵 Celts · Japan
1160
+16
1157
+16
🇸🇪 Cumans · Sweden
1199
-15
🇷🇴 Persians · Romania
1179
-15
🇳🇱 Aztecs · Netherlands
1161
-14
🇧🇪 Khmer · Belgium
1131
-13
.::Azaghast::.
4:39 Loom
11:43 Feudal Age
17:42 Castle Age
15:30 Double-Bit Axe
15:27 Horse Collar
18:19 Wheelbarrow
18:11 Fishing Lines
19:11 Bow Saw
19:23 Town Watch
21:43 Heavy Plow
21:49 Gillnets
24:57 Hand Cart
24:56 Stone Mining
27:19 Gold Mining
28:05 Stone Shaft Mining
31:49 Imperial Age
30:50 Gold Shaft Mining
30:39 Bloodlines
30:35 Husbandry
31:41 Caravan
32:31 Conscription
32:54 Scale Barding Armor
33:00 Forging
34:04 Elite War Elephant
35:50 Chain Barding Armor
36:05 Iron Casting
37:34 Plate Barding Armor
39:05 Hoardings
39:44 Blast Furnace
40:06 Guilds
46:54 Crop Rotation
47:31 Two-Man Saw
47:17 Fletching
47:59 Citadels
47:52 Bodkin Arrow
60:58 Light Cavalry
62:40 Hussar
66:37 Coinage
68:06 Heavy Camel Rider
TheHoaN
1:23 Loom
13:14 Feudal Age
13:33 Man-at-Arms
14:11 Double-Bit Axe
14:35 Arson
15:09 Forging
21:05 Scale Mail Armor
25:28 Castle Age
23:50 Horse Collar
24:48 Gold Mining
24:51 Stone Mining
29:37 Bow Saw
32:07 Imperial Age
29:51 Fletching
30:38 Bodkin Arrow
31:34 Padded Archer Armor
31:56 Heavy Plow
33:11 Leather Archer Armor
34:14 Two-Man Saw
33:38 Conscription
34:19 Parthian Tactics
35:03 Ring Archer Armor
35:51 Thumb Ring
37:20 Ring Archer Armor
38:00 Cuman Mercenaries
40:20 Town Watch
41:11 Wheelbarrow
40:06 Heavy Cavalry Archer
42:24 Ballistics
43:04 Chemistry
42:08 Capped Ram
42:12 Onager
43:56 Hand Cart
44:57 Siege Onager
50:19 Bloodlines
49:29 Light Cavalry
54:37 Hussar
55:34 Hussar
56:20 Scale Barding Armor
56:51 Iron Casting
62:05 Chain Barding Armor
63:39 Blast Furnace
64:44 Town Patrol
69:21 Plate Barding Armor
Joy&SalvationInChrist
1:19 Loom
20:26 Feudal Age
27:48 Fletching
32:15 Castle Age
32:47 Scale Mail Armor
34:01 Sanctity
34:42 Fervor
53:12 Double-Bit Axe
56:47 Redemption
61:06 Horse Collar
65:20 Imperial Age
65:32 Caravan
66:30 Block Printing
66:37 Gold Mining
68:09 Theocracy
68:00 Illumination
70:32 Theocracy
70:54 Wheelbarrow
70:22 Heavy Plow
70:45 Herbal Medicine
Saeer
0:32 Loom
14:19 Feudal Age
16:27 Wheelbarrow
15:39 Town Watch
19:18 Forging
19:53 Bloodlines
20:07 Town Watch
24:24 Castle Age
23:05 Double-Bit Axe
24:43 Horse Collar
31:38 Stone Mining
31:38 Gold Mining
33:37 Sanctity
33:33 Fervor
35:11 Stone Shaft Mining
35:28 Murder Holes
37:17 Ballistics
37:36 Husbandry
38:45 Gold Mining
39:15 Tusk Swords
40:04 Iron Casting
39:21 Fletching
40:20 Hand Cart
45:42 Imperial Age
44:19 Bow Saw
45:00 Town Patrol
45:48 Gold Shaft Mining
46:29 Double Crossbow
46:49 Conscription
47:00 Elite Ballista Elephant
47:58 Scale Barding Armor
49:33 Heavy Scorpion
50:38 Heavy Plow
50:37 Bodkin Arrow
55:20 Blast Furnace
54:21 Bracer
54:42 Chain Barding Armor
55:41 Elite Battle Elephant
55:43 Light Cavalry
57:26 Padded Archer Armor
57:26 Scale Mail Armor
65:27 Hoardings
64:55 Hussar
67:29 Caravan
NATARU
2:58 Loom
13:19 Feudal Age
18:17 Castle Age
19:07 Double-Bit Axe
27:00 Horse Collar
31:22 Bow Saw
31:13 Heavy Plow
31:05 Gold Mining
33:07 Wheelbarrow
37:35 Imperial Age
35:17 Scale Mail Armor
35:08 Fletching
36:28 Padded Archer Armor
36:05 Man-at-Arms
36:31 Gambesons
36:54 Long Swordsman
38:13 Hand Cart
37:47 Town Watch
37:40 Two-Handed Swordsman
38:17 Bodkin Arrow
38:36 Forging
38:42 Chain Mail Armor
38:57 Pikeman
42:14 Guilds
41:50 Halberdier
43:35 Plate Mail Armor
43:41 Iron Casting
43:54 Stone Mining
44:39 Gold Shaft Mining
47:49 Blast Furnace
46:51 Arson
48:17 Caravan
52:30 Stone Shaft Mining
52:54 Conscription
Nick
7:20 Loom
12:10 Feudal Age
14:58 Castle Age
12:58 Double-Bit Axe
12:54 Horse Collar
16:26 Bow Saw
16:18 Heavy Plow
24:01 Gold Mining
25:28 Wheelbarrow
24:39 Town Watch
29:43 Imperial Age
27:51 Hand Cart
27:22 Town Watch
28:42 Gold Shaft Mining
30:00 Heavy Scorpion
31:43 Chemistry
31:23 Double Crossbow
31:43 Conscription
30:58 Capped Ram
32:54 Caravan
33:12 Siege Ram
35:15 Coinage
38:28 Banking
43:33 Ballistics
43:19 Siege Engineers
43:36 Ballistics
50:43 Forging
50:39 Scale Barding Armor
51:25 Crop Rotation
51:21 Bloodlines
51:12 Husbandry
50:32 Light Cavalry
50:40 Light Cavalry
52:03 Hussar
66:23 Chain Barding Armor
68:03 Iron Casting
70:37 Blast Furnace
70:13 Plate Barding Armor
BersaS2
9:43 Loom
11:53 Feudal Age
17:11 Castle Age
17:35 Wheelbarrow
16:45 Town Watch
17:50 Double-Bit Axe
18:18 Horse Collar
18:58 Bow Saw
23:50 Husbandry
27:10 Bloodlines
27:39 Scale Barding Armor
27:45 Forging
28:40 Scale Mail Armor
30:21 Stone Mining
30:22 Gold Mining
32:45 Chain Barding Armor
32:41 Chain Mail Armor
33:01 Iron Casting
33:05 Hand Cart
35:22 Imperial Age
32:54 Heavy Plow
33:40 Gold Shaft Mining
34:59 Cavalier
36:10 Plate Mail Armor
36:16 Plate Barding Armor
36:41 Blast Furnace
37:55 Crop Rotation
39:17 Conscription
38:55 Heavy Camel Rider
44:28 Two-Man Saw
44:42 Caravan
44:47 Fletching
44:42 Pikeman
45:23 Squires
45:09 Gambesons
45:15 Arson
45:18 Gambesons
45:21 Halberdier
48:10 Chemistry
47:31 Ballistics
47:08 Bodkin Arrow
47:59 Stone Shaft Mining
50:06 Light Cavalry
52:41 Onager
54:21 Masonry
64:59 Citadels
66:56 Murder Holes
72:22 Elite War Elephant
<全聖德御>紅溫烏薩奇
0:27 Loom
18:36 Feudal Age
27:25 Fletching
30:43 Castle Age
28:55 Double-Bit Axe
28:59 Horse Collar
30:42 Stone Mining
31:53 Bow Saw
36:26 Heavy Plow
39:33 Gold Mining
41:25 Wheelbarrow
45:54 Imperial Age
45:08 Bodkin Arrow
45:14 Padded Archer Armor
45:36 Hand Cart
45:19 Crossbowman
46:05 Thumb Ring
46:57 Arbalester
48:49 Elite Skirmisher
50:08 Imperial Skirmisher
52:00 Chemistry
51:21 Ballistics
54:24 Two-Man Saw
60:23 Squires
60:09 Arson
60:04 Pikeman
62:26 Halberdier
64:23 Scale Mail Armor
64:34 Forging
64:25 Bracer
66:34 Siege Engineers
67:22 Chain Mail Armor
67:42 Iron Casting
Connection lost

Rejoining the realm…

Still unreachable

The connection could not be restored.

Session expired

The server has moved on; the page needs a fresh start.